 Dungeon Crawl Stone Soup version 0.21.1-1-g345015fe64 (webtiles) character file.

54 RepoMan the Insei (level 3, -1/29 HPs)
             Began as a Draconian Transmuter on July 6, 2018.
             Succumbed to an adder's poison
             ... on level 2 of the Dungeon.
             The game lasted 00:04:16 (1160 turns).

RepoMan the Insei (Draconian Transmuter)            Turns: 1160, Time: 00:04:16

Health: -1/29      AC:  5    Str: 12    XL:     3   Next: 66%
Magic:  4/6        EV: 12    Int: 13    God:
Gold:   48         SH:  0    Dex: 12    Spells: 0/6 levels left

rFire    . . .     SeeInvis .     - Unarmed
rCold    . . .     Gourm    .   (no shield)
rNeg     . . .     Faith    .   (armour unavailable)
rPois    .         Spirit   .   (helmet restricted)
rElec    .         Reflect  .   (no cloak)
rCorr    .         Harm     .   (no gloves)
MR       .....                  (no boots)
Stlth    +.........             (no amulet)
HPRegen  0.09/turn              (no ring)
MPRegen  0.10/turn              (no ring)

@: lethally poisoned (-1 -> -17), appendage (expiring), invisible
A: unfitting armour, horns 2, cold-blooded, AC +5
a: End Transformation


You were on level 2 of the Dungeon.
You were not hungry.
You had grown temporary horns.
You visited 1 branch of the dungeon, and saw 2 of its levels.

You collected 48 gold pieces.

Inventory:

Missiles
 a - 70 arrows
Scrolls
 e - a scroll of fog {unknown}
 g - a scroll of identify {unknown}
Books
 b - a book of Changes

   Spells                             Type                      Level
   a - Beastly Appendage              Transmutation                1
   b - Sticks to Snakes               Transmutation                2
   c - Spider Form                    Transmutation/Poison         3
   d - Ice Form                       Ice/Transmutation            4
   e - Blade Hands                    Transmutation                5
Comestibles
 c - a ration
 d - 5 chunks of flesh


   Skills:
 + Level 1.8 Fighting
 - Level 1.7 Dodging
 * Level 3.5 Unarmed Combat
 + Level 2.3 Spellcasting
 * Level 2.9 Transmutations


You couldn't memorise any spells.
You knew the following spells:

 Your Spells              Type           Power        Failure   Level  Hunger
a - Beastly Appendage     Tmut           #.....       8%          1    #......
b - Sticks to Snakes      Tmut           #.......     11%         2    ###....
c - Spider Form           Tmut/Pois      #.........   36%         3    ###....


Dungeon Overview and Level Annotations

Branches:
Dungeon (2/15)

Altars:


Innate Abilities, Weirdness & Mutations

Your plain brown scales are hard. (AC +5)
You cannot fit into any form of body armour.
You are cold-blooded and may be slowed by cold attacks.
You have a pair of horns on your head.


Message History

* * * LOW HITPOINT WARNING * * *
You feel sick.
Your adder misses the adder. The hobgoblin misses your adder.
The adder bites you.
* * * LOW HITPOINT WARNING * * *
Your adder closely misses the adder.
You hit the adder. Your headbutt misses the adder.
The adder is almost dead.
* * * LOW HITPOINT WARNING * * *
You feel sick. The adder barely misses you. The hobgoblin misses your adder.
Your adder closely misses the adder.
You hit the adder but do no damage.
The adder is almost dead.
The adder bites you.
* * * LOW HITPOINT WARNING * * *
You are more poisoned.
The adder poisons you!
Your adder barely misses the adder.
The hobgoblin closely misses your adder.
It was a potion of invisibility.
You fade into invisibility!
You die...

#### ..... .
.....####+####..
.........$..)...
........S.......
#.....@Sg......
#..............
#..............
+..............
#..............
#........######
#........#
#........#


You could see an adder, a hobgoblin and a friendly adder.

Vanquished Creatures
  An adder (D:2)
  2 oozes (D:1)
  A dart slug (D:1)
  A leopard gecko (D:1)
  2 ball pythons (D:1)
  3 giant cockroaches (D:1)
  4 goblins (D:1)
  5 hobgoblins (D:1)
  2 jackals (D:1)
  4 kobolds (D:1)
  4 bats (D:1)
  A frilled lizard (D:1)
  A rat (D:1)
31 creatures vanquished.

Notes
Turn   | Place    | Note
-------+----------+-------------------------------------------
     0 | D:1      | RepoMan the Draconian Transmuter began the quest for the Orb.
     0 | D:1      | Reached XP level 1. HP: 16/16 MP: 3/3
   193 | D:1      | Reached XP level 2. HP: 23/23 MP: 3/5
   210 | D:1      | Learned a level 2 spell: Sticks to Snakes
   724 | D:1      | Reached XP level 3. HP: 26/28 MP: 4/6
   755 | D:1      | Learned a level 3 spell: Spider Form
  1159 | D:2      | HP: 1/29 [adder (2)]
  1160 | D:2      | Succumbed to an adder's poison

Action                   || total
-------------------------++-------
Melee: Unarmed           ||   108
       Tailslap          ||    10
       Headbutt          ||     7
       Kick              ||     5
 Cast: Beastly Appendage ||    16
       Sticks to Snakes  ||     1
  Use: Potion            ||     1
  Eat: Chunk             ||     1
Armor: Skin              ||    38
Dodge: Dodged            ||    54
